Map: Coda EC

Players

AgCl - Winner!

  • Race: Protoss Protoss
  • League: Grandmaster

아마노가와키라라

  • Race: Protoss Protoss
  • League: Grandmaster

VOD

Have the link to the VOD?

Description

Time

  • Played on: June 23, 2015, 4:05 a.m.
  • Length: 15:47
Show
View Real Time Build Order
Export as new Build Order

AgCl Protoss - Winner!

Build Orders:  

Get SALT Encoding   

  12  0:16  Pylon  
  12  0:29  Probe  
  13  0:35  Gateway  
  13  0:41  Probe  
  14  0:53  Probe  
  15  1:05  Probe (Chrono Boost)  
  15  1:10  Assimilator  
  16  1:11  Pylon  
  16  1:17  Probe (Chrono Boost)  
  17  1:24  Probe (Chrono Boost)  
  17  1:25  Zealot (Chrono Boost)  
  20  1:34  Probe  
  20  1:38  Cybernetics Core  
  21  1:46  Probe (Chrono Boost)  
  22  1:54  Cybernetics Core  
  22  1:58  Probe (Chrono Boost), Assimilator  
  23  2:06  Probe (Chrono Boost)  
  25  2:15  Probe  
  25  2:18  Warp Gate (Chrono Boost)  
  25  2:27  Probe  
  24  2:44  Nexus  
  24  2:49  Robotics Facility  
  24  3:07  Mothership Core (Chrono Boost)  
  26  3:15  Pylon  
  26  3:21  Probe (Chrono Boost)  
  26  3:23  Gateway  
  26  3:24  Pylon  
  27  3:33  Probe  
  28  3:45  Probe (Chrono Boost)  
  28  3:46  Immortal (Chrono Boost)  
  28  3:47  Pylon  
  33  3:50  Stargate  
  33  3:57  Probe (Chrono Boost)  
  35  4:04  Stargate  
  35  4:05  Probe (Chrono Boost)  
  35  4:06  Probe (Chrono Boost)  
  36  4:11  Probe (Chrono Boost)  
  38  4:18  Probe (Chrono Boost)  
  38  4:19  Observer  
  38  4:22  Pylon  
  38  4:23  Probe (Chrono Boost)  
  40  4:29  Probe (Chrono Boost)  
  42  4:34  Probe (Chrono Boost)  
  42  4:35  Assimilator  
  42  4:37  Probe (Chrono Boost)  
  43  4:40  Pylon  
  43  4:42  Probe (Chrono Boost)  
  43  4:43  Probe (Chrono Boost)  
  45  4:48  Phoenix (Chrono Boost)  
  45  4:49  Pylon  
  45  4:52  Probe  
  48  4:56  Probe  
  49  5:02  Assimilator  
  49  5:04  Probe  
  50  5:08  Probe  
  51  5:17  Probe  
  51  5:20  Probe  
  52  5:22  Void Ray (Chrono Boost)  
  52  5:23  Twilight Council  
  56  5:29  Probe  
  56  5:32  Probe  
  58  5:38  Protoss Air Weapons Level 1 (Chrono Boost)  
  58  5:41  Probe, Forge  
  59  5:44  Probe  
  60  5:53  Probe, Charge (Chrono Boost)  
  61  5:58  Void Ray (Chrono Boost)  
  61  5:59  Gateway  
  61  6:02  Probe  
  66  6:15  Probe  
  66  6:17  Dark Shrine  
  67  6:20  Probe, Pylon  
  68  6:27  Photon Cannon  
  68  6:28  Probe  
  68  6:29  Protoss Ground Weapons Level 1 (Chrono Boost)  
  69  6:41  Immortal (Chrono Boost), Probe  
  74  6:47  Pylon  
  74  6:50  Gateway  
  74  7:00  Probe  
  75  7:06  Probe  
  76  7:09  Immortal (Chrono Boost)  
  76  7:10  Adept  
  76  7:12  Probe, Nexus  
  83  7:18  Probe  
  83  7:19  Pylon  
  84  7:24  Probe  
  83  7:32  Void Ray (Chrono Boost)  
  87  7:38  Observer (Chrono Boost)  
  87  7:39  Gateway  
  88  7:44  Dark Templar  
  88  7:45  Dark Templar x2, Pylon  
  88  7:46  Zealot  
  98  7:59  Immortal (Chrono Boost)  
  98  8:04  Photon Cannon  
  98  8:05  Assimilator  
  98  8:09  Protoss Air Armor Level 1 (Chrono Boost), Assimilator  
  98  8:10  Fleet Beacon  
  98  8:13  Pylon  
  98  8:20  Photon Cannon  
  98  8:29  Protoss Ground Weapons Level 2 (Chrono Boost)  
  98  8:37  Pylon  
  98  8:44  Carrier (Chrono Boost)  
  98  8:47  Stargate  
  98  8:49  Archon  
  98  8:50  Pylon  
  104  9:12  Gateway  
  104  9:15  Pylon, Carrier (Chrono Boost)  
  104  9:18  Pylon  
  104  9:22  Gateway  
  104  9:23  Warp Prism (Chrono Boost)  
  106  9:24  Gateway  
  112  9:33  Dark Templar  
  114  9:42  Cybernetics Core  
  114  9:43  Pylon  
  114  9:49  Archon  
  114  9:55  Void Ray (Chrono Boost)  
  118  10:01  Zealot  
  118  10:02  Adept, Zealot  
  118  10:05  Pylon, Carrier (Chrono Boost)  
  124  10:08  Adept  
  123  10:30  Graviton Catapult (Chrono Boost)  
  123  10:33  Dark Templar x2  
  127  10:42  Carrier (Chrono Boost)  
  127  11:00  Nexus  
  127  11:01  Photon Cannon  
  133  11:04  Assimilator  
  133  11:10  Assimilator  
  133  11:12  Dark Templar x2  
  133  11:14  Protoss Air Weapons Level 2 (Chrono Boost)  
  133  11:15  Carrier (Chrono Boost)  
  131  11:39  Carrier (Chrono Boost)  
  137  11:41  Pylon  
  137  11:46  Pylon  
  139  12:00  Protoss Ground Weapons Level 3 (Chrono Boost)  
  139  12:01  Protoss Air Armor Level 2 (Chrono Boost)  
  139  12:09  Archon  
  139  12:15  Pylon  
  139  12:25  Zealot  
  141  12:35  Carrier (Chrono Boost)  
  139  12:43  Nexus  
  145  12:58  Carrier (Chrono Boost)  
  142  13:22  Templar Archives  
  134  13:31  Probe x3  
  137  13:36  Carrier (Chrono Boost)  
  130  14:05  Dark Templar x2  
  132  14:18  Robotics Facility  
  135  14:40  Probe (Chrono Boost)  
  135  14:43  Probe x2 (Chrono Boost)  
  135  14:44  Probe (Chrono Boost)  
  136  14:48  Probe (Chrono Boost)  
  136  14:50  Probe (Chrono Boost)  
  136  14:51  Dark Templar x2  
  113  15:07  Dark Templar x2  
Show
View Real Time Build Order
Export as new Build Order

아마노가와키라라 Protoss 

Build Orders:  

Get SALT Encoding   

  12  0:01  Probe  
  13  0:16  Pylon  
  13  0:18  Probe  
  14  0:34  Probe (Chrono Boost)  
  15  0:41  Gateway  
  15  0:44  Probe (Chrono Boost)  
  16  0:50  Assimilator  
  16  0:51  Probe  
  16  0:54  Assimilator  
  17  1:03  Probe (Chrono Boost)  
  18  1:14  Probe (Chrono Boost)  
  18  1:16  Pylon  
  19  1:20  Probe  
  20  1:29  Cybernetics Core  
  20  1:32  Probe (Chrono Boost)  
  21  1:44  Probe (Chrono Boost)  
  22  1:50  Probe (Chrono Boost)  
  23  2:05  Mothership Core  
  23  2:06  Stalker (Chrono Boost), Warp Gate (Chrono Boost)  
  27  2:11  Pylon  
  27  2:30  Nexus  
  27  2:36  Stalker (Chrono Boost)  
  26  2:46  Probe (Chrono Boost)  
  27  2:57  Probe (Chrono Boost)  
  28  2:59  Robotics Facility  
  28  3:04  Stalker  
  30  3:26  Gateway  
  30  3:28  Gateway  
  30  3:33  Pylon  
  30  3:42  Probe  
  30  3:43  Probe  
  30  3:47  Observer  
  33  4:01  Sentry  
  35  4:04  Probe x2  
  37  4:16  Probe x2  
  39  4:18  Immortal (Chrono Boost)  
  39  4:24  Sentry  
  45  4:25  Sentry  
  45  4:28  Probe x2 (Chrono Boost)  
  49  4:33  Gateway  
  49  4:40  Probe x2 (Chrono Boost)  
  51  4:49  Probe x2 (Chrono Boost)  
  51  4:50  Pylon  
  53  4:57  Probe  
  53  4:59  Probe  
  55  5:04  Immortal  
  59  5:10  Probe (Chrono Boost)  
  59  5:11  Probe (Chrono Boost)  
  59  5:12  Forge  
  63  5:21  Probe (Chrono Boost), Pylon  
  63  5:23  Probe (Chrono Boost)  
  63  5:24  Assimilator  
  63  5:28  Probe (Chrono Boost), Assimilator  
  64  5:30  Probe  
  65  5:37  Pylon  
  65  5:38  Probe  
  66  5:52  Probe x2  
  66  5:54  Protoss Ground Weapons Level 1 (Chrono Boost)  
  68  6:02  Photon Cannon  
  68  6:05  Photon Cannon  
  68  6:11  Immortal (Chrono Boost)  
  68  6:13  Probe x2  
  74  6:25  Probe x2  
  74  6:30  Twilight Council  
  75  6:36  Gateway  
  75  6:39  Gateway  
  75  6:40  Probe x2  
  75  6:45  Pylon  
  77  6:54  Stalker x3  
  77  7:00  Pylon  
  83  7:20  Immortal  
  87  7:23  Blink  
  87  7:29  Nexus  
  87  7:31  Pylon  
  87  7:32  Stalker x2  
  87  7:33  Sentry x2  
  87  7:36  Protoss Ground Weapons Level 2 (Chrono Boost)  
  95  7:48  Stalker x2  
  99  7:56  Zealot  
  101  8:13  Nexus  
  101  8:15  Photon Cannon  
  101  8:16  Pylon  
  101  8:20  Gateway  
  101  8:21  Gateway  
  101  8:28  Warp Prism (Chrono Boost)  
  103  8:40  Pylon  
  103  8:41  Pylon  
  103  8:49  Pylon  
  103  8:59  Dark Shrine  
  103  9:04  Robotics Bay  
  103  9:25  Zealot x3  
  103  9:26  Zealot x5  
  119  9:40  Pylon  
  111  10:09  Zealot x3  
  111  10:10  Zealot x5  
  115  10:24  Assimilator x2  
  103  10:31  Protoss Ground Weapons Level 3 (Chrono Boost)  
  103  10:32  Charge (Chrono Boost)  
  100  10:46  Stalker x4  
  100  10:47  Stalker x4  
  116  10:54  Probe (Chrono Boost)  
  116  10:55  Probe (Chrono Boost)  
  116  10:56  Probe (Chrono Boost)  
  119  11:05  Warp Prism  
  119  11:06  Probe x2 (Chrono Boost)  
  119  11:07  Probe (Chrono Boost)  
  124  11:11  Zealot x2  
  124  11:12  Zealot x6  
  140  11:51  Nexus  
  140  11:52  Pylon x2  
  140  12:11  Pylon  
  140  12:14  Pylon  
  140  12:17  Pylon  
  140  12:20  Gateway x2  
  140  12:39  Observer  
  141  13:06  Nexus  
  141  13:12  Zealot  
  141  13:13  Zealot x5  
  141  13:14  Zealot  
  155  13:24  Dark Templar  
  155  13:32  Cybernetics Core  
  155  13:40  Dark Templar x4  
  163  13:42  Zealot  
  163  13:43  Zealot x2  
  135  14:39  Zealot x2  
  135  14:40  Zealot x6  
  135  14:41  Zealot x2  
  153  15:01  Templar Archives  
  139  15:11  Pylon  
  110  15:22  Stalker  
  110  15:23  Stalker x6  
  110  15:24  Stalker x2  
Tags
 
Add a new tag
Caveats
  • Supply blocks, unpowered buildings, or Contaminate may cause inaccurate times.
  • Supply counts are checked every 10 seconds.